 Dungeon Crawl Stone Soup version 0.28.0-45-g0d030f2227 (webtiles) character file.

Game seed: 11665385303661136574

7623 zeratav the Martial Artist (level 11, -9/78 HPs)
             Began as an Octopode Transmuter on Apr 12, 2022.
             Was a Follower of Ashenzari.
             Killed from afar by an efreet (28 damage)
             ... with a fireball
             ... in a volcano.
             The game lasted 00:38:39 (13750 turns).

zeratav the Martial Artist (Octopode Transmuter)   Turns: 13750, Time: 00:38:40

Health: -9/78      AC:  2    Str: 15    XL:     11   Next: 18%
Magic:  21/24      EV: 31    Int: 22    God:    Ashenzari [*.....]
Gold:   157        SH:  0    Dex: 23    Spells: 8/16 levels left

rFire   . . .      SeeInvis +     - Unarmed
rCold   . . .      Faith    .   (shield currently unavailable)
rNeg    . . .      Spirit   .   (helmet currently unavailable)
rPois   x          Reflect  .   (no amulet)
rElec   .          Harm     .   h - +4 ring of evasion
rCorr   .          Rampage  .   k - ring "Chained With Me" {Str+6, Self, Melee} (curse)
Will    .....                   n - ring of Hepliaklqana's Fury {Str-3 Int+6 Dex+4 SInv}
Stlth   +++.......              q - ring "Ruined Sorrow" {Fly, Self, Elem} (curse)
HPRegen 0.23/turn               v - ring of magical power
MPRegen 0.19/turn               (no ring)
                                (no ring)
                                (no ring)

@: spider-form, flying
A: venomous fangs, almost no armour, (amphibious), 8 rings, tiny, (camouflage
1), (gelatinous body 1), (nimble swimmer 1), (tentacles)
a: End Transformation, Renounce Religion, Curse Item, Shatter the Chains


You were in a volcano.
You worshipped Ashenzari.
Ashenzari was aware of your devotion.
You were a venomous arachnid creature.
You visited 3 branches of the dungeon, and saw 11 of its levels.
You also visited: Volcano.

You collected 1018 gold pieces.
You spent 861 gold pieces at shops.


Innate Abilities, Weirdness & Mutations

You are a venomous arachnid creature.
You have poisonous fangs.
You are tiny and dextrous.
Your spellcasting is less reliable in this form.
Your armour is entirely melded.
You are incapable of wielding weapons or throwing items.
You cannot wear most types of armour.
((You are amphibious.))
You can wear up to eight rings at the same time.
((Your skin changes colour to match your surroundings (Stealth+).))
((Your rubbery body absorbs attacks. (AC +1, EV +1)))
((You are camouflaged when in or above water. (Stealth+)))
((You have tentacles for arms and can constrict up to eight enemies at once.))


   Skills:
 + Level 7.1(8.5) Fighting
 + Level 7.3 Dodging
 - Level 5.0 Stealth
 + Level 3.9 Shields
 * Level 10.7(11.5) Unarmed Combat
 - Level 2.0(3.0) Spellcasting
 + Level 5.4 Transmutations
 + Level 5.1(5.9) Ice Magic


You had 8 spell levels left.
You knew the following spells:

 Your Spells              Type           Power      Damage    Failure   Level
a - Beastly Appendage     Tmut           54%        N/A       6%          1
b - Spider Form           Tmut/Pois      15%        N/A       28%         3
c - Ice Form              Ice/Tmut       28%        N/A       28%         4

Your spell library contained the following spells:

 Spells                   Type           Power      Damage    Failure   Level
 Wereblood                Tmut           27%        N/A       8%          2
 Sting                    Tmut/Pois      60%        1d6       13%         1
 Ensorcelled Hibernation  Hex/Ice        32%        N/A       16%         2
 Poisonous Vapours        Pois/Air       6%         N/A       38%         2
 Tukima's Dance           Hex            3%         N/A       58%         3
 Anguish                  Hex/Necr       1%         N/A       90%         4
 Olgreb's Toxic Radiance  Pois           3%         N/A       90%         4
 Enfeeble                 Hex            1%         N/A       100%        7
 Borgnjor's Revivificati  Necr           1%         N/A       100%        8
 Necromutation            Tmut/Necr      7%         N/A       100%        8
 Death's Door             Necr           1%         N/A       100%        9

Inventory:

Hand Weapons
 i - a +5 dagger of draining (melded) {short}
   (You found it on level 2 of the Dungeon)
Missiles
 w - 5 datura-tipped darts {throwing}
Armour
 l - a +0 buckler (melded)
   (You found it on level 6 of the Dungeon)
 x - a +0 kite shield
   (You took it off a gnoll sergeant on level 8 of the Dungeon)
Magical Staves
 j - a staff of conjuration {@e2staff}
   (You found it on level 3 of the Dungeon)
Jewellery
 h - a +4 ring of evasion (left front leg)
   (You found it on level 2 of the Dungeon)
 k - the cursed ring "Chained With Me" (right front leg) {Str+6, Self, Melee}
   (You took it off a kobold on level 3 of the Dungeon)

   [ring of strength]

   Str:       It affects your strength (+6).
   It has a curse which improves the following skills: Introspection: Fighting
   and Spellcasting.
   Melee Combat: Short Blades, Long Blades, Axes, Maces & Flails, Polearms,
   Staves and Unarmed Combat.
 n - the ring of Hepliaklqana's Fury (on tentacle) {Str-3 Int+6 Dex+4 SInv}
   (You bought it in a shop on level 3 of the Dungeon)

   [ring of intelligence]

   Str:       It affects your strength (-3).
   Int:       It affects your intelligence (+6).
   Dex:       It affects your dexterity (+4).
   SInv:      It lets you see invisible.
 q - the cursed ring "Ruined Sorrow" (on tentacle) {Fly, Self, Elem}
   (You found it on level 6 of the Dungeon)

   [ring of flight]

   Fly:       It grants you flight.
   It has a curse which improves the following skills: Introspection: Fighting
   and Spellcasting.
   Elements:  Fire Magic, Ice Magic, Air Magic and Earth Magic.
 v - a ring of magical power (on tentacle)
   (You found it on level 8 of the Dungeon)
Wands
 d - a wand of iceblast (16)
   (You found it on level 5 of the Dungeon)
 t - a wand of flame (12)
   (You found it on level 9 of the Dungeon)
 u - a wand of paralysis (9)
   (You found it on level 8 of the Dungeon)
Scrolls
 a - 2 scrolls of blinking {!r}
 p - 2 scrolls of teleportation {@r4}
 r - a scroll of magic mapping {!r}
 s - 2 scrolls of fear
 y - a scroll of brand weapon
 z - a scroll of holy word
 B - a scroll of identify {@r1}
Potions
 b - 2 potions of lignification {!q}
 c - a potion of flight
 e - 2 potions of attraction {!q}
 f - a potion of curing {@q1}
 g - 2 potions of magic
 m - a potion of brilliance
 o - 2 potions of ambrosia
 A - a potion of resistance

Dungeon Overview and Level Annotations

Branches:
Dungeon (9/15)             Temple (1/1) D:7            Lair (1/6) D:8
    Orc (0/2) D:9         Volcano (1/1)

Altars:
Ashenzari
Cheibriados
Elyvilon
Gozag
Hepliaklqana
Kikubaaqudgha
Makhleb
Okawaru
Qazlal
Ru
Sif Muna
Trog
Uskayaw
Vehumet
Xom
Yredelemnul
Beogh

Shops:
D:3 (([:=   D:5 [ D:6

= ##≈☼☼##
#v≈☼☼.##
≈≈≈≈≈..##
#☼≈≈≈☼☼.#
#≈≈≈≈☼.#
##≈≈...#
###+###R###
##.....s...##
##...........##
#....∩...∩....#
##....≈.≈....##
##☼≈≈≈≈≈☼☼≈##
##☼☼≈≈≈≈☼##
#########


You could see an efreet (very poisoned) and a fire vortex.


Message History

There is a stone staircase leading down here.
Things that are here:
+0 steam dragon scales; a steam dragon skeleton
There is an open door here.
There is an open door here.
There is an open door here.
Things that are here:
a +0 flail {mace}; a +0 leather armour
There is an open door here.
There is an open door here.
There is an open door here.
There is an open door here.
Done exploring.
Done exploring.
(D) Dungeon (T) Temple (L) Lair (O) Orcish Mines
Where to? (Enter - D:9 @ (x,y), ? - help)
There is an open door here.
There is a stone staircase leading up here.
You fly upwards.
There is a stone staircase leading down here.
Search for what [Enter for "ash", or ? for help]? ;aor Can't find anything matching that.
Unknown command.
Search for what [Enter for ";aor", or ? for help]? lair
There is an open door here.
You see here a staff of death {staff}.
There is a staircase to the Lair here.
You fly downwards.
Welcome to the Lair of Beasts!
You feel an oppressive heat about you.
There is an entrance to a volcano on this level.
Hurry and find it before the entrance collapses!
You have a vision of a gate.
There is a staircase back to the Dungeon here.
Found a stone staircase leading down.
You now have 157 gold pieces (gained 14).
A polar bear comes into view.
Ashenzari invites you to partake of a vision and a curse of companions and introspection.
You hear the slow rumble of an avalanche of rocks.
Found a dark tunnel.
There is a dark tunnel here.
The world spins around you as you enter the gateway.
You enter a volcano!
Found a rocky tunnel leading out of this place.
There is a rock-blocked tunnel here.
Casting: Spider Form (dangerous; 16% risk of failure)
Confirm with . or Enter, or press ? or * to list all spells.
You turn into a venomous arachnid creature.
Your +5 dagger of draining {short} melds into your body.
Your +0 buckler melds into your body.
MP[-3]
You lost 3 mp, and now have 21/24 mp.
There is a rocky tunnel leading out of this place here.
An efreet opens the door.
MP[+1]
Your transformation is almost over.
The efreet gestures at you. The bolt of fire misses you.
The efreet hits you with a +2 scimitar of flaming!!
The efreet burns you.
HP[-21]
You take 21 damage, and now have 57/78 hp.
MASSIVE DAMAGE!! (PAUSE)
You bite the efreet! The efreet gestures at you. The bolt of fire hits you!!
* * * LOW HITPOINT WARNING * * *
HP[-23] MP[+1]
You take 23 damage, and now have 34/78 hp.
MASSIVE DAMAGE!! (PAUSE)
You hit the efreet but do no damage. The efreet gestures at you.
The bolt of fire misses you.
You hit the efreet but do no damage. The efreet completely misses you.
You hit the efreet. The efreet gestures at you. The bolt of fire misses you.
You hit the efreet but do no damage.
The efreet is poisoned.
You hit the efreet. The efreet closely misses you.
You hit the efreet.
Your transformation has ended.
Your +5 dagger of draining {short} unmelds from your body.
Your +0 buckler unmelds from your body.
You sense an unholy aura.
The efreet completely misses you.
HP[+1]
Casting: Spider Form (dangerous; 16% risk of failure)
Confirm with . or Enter, or press ? or * to list all spells.
You turn into a venomous arachnid creature.
Your +5 dagger of draining {short} melds into your body.
Your +0 buckler melds into your body.
The efreet gestures at you.
The fireball explodes!
The fireball engulfs you!!
* * * LOW HITPOINT WARNING * * *
The fireball engulfs the efreet.
The efreet completely resists.
HP[-22] MP[-2]
You take 22 damage, and now have 13/78 hp.
MASSIVE DAMAGE!! (PAUSE)
You lost 2 mp, and now have 21/24 mp.
You feel better. The efreet gestures at you.
The fireball explodes!
The fireball engulfs you!!
You die...

Skill      XL: |  1  2  3  4  5  6  7  8  9 10 11 |
---------------+----------------------------------+-----
Stealth        | 1 2 3 4 5 |  5.0
Fighting       | 2 3 5 6 7 |  7.1
Unarmed Combat | 4 5 6 8 9 10 | 10.7
Dodging        | 3 4 5 6 7 |  7.3
Shields        | 1 3 |  3.9
Ice Magic      | 1 3 4 5 |  5.1
Transmutations | 3 5 |  5.4
Spellcasting   | |  2.0

Action                   |  1- 3 |  4- 6 |  7- 9 | 10-12 || total
-------------------------+-------+-------+-------+-------++-------
Melee: Unarmed           |    62 |    20 |   193 |   213 ||   488
       Kick              |    21 |     8 |       |       ||    29
       Tentacles         |    17 |    12 |     5 |     1 ||    35
       Constrict         |    14 |    18 |     4 |     1 ||    37
       Punch             |     5 |     4 |     1 |       ||    10
       Dagger            |    10 |    75 |    20 |     1 ||   106
 Cast: Beastly Appendage |    28 |    14 |     1 |       ||    43
       Spider Form       |       |     2 |    38 |    29 ||    69
Invok: Curse Item        |       |       |       |     2 ||     2
Evoke: Wand              |       |       |       |     1 ||     1
  Use: Scroll            |       |       |     6 |     5 ||    11
       Potion            |       |       |     1 |     2 ||     3
 Stab: Sleeping          |    10 |     4 |     5 |     6 ||    25
Armor: Skin              |    10 |     4 |     2 |     3 ||    19
Dodge: Dodged            |    49 |    64 |   199 |   152 ||   464
Block: Buckler           |       |       |       |     3 ||     3

Levels and vault maps discovered:
D:1:      roderic_octagonal_star, layout_basic
D:2:      layout_rooms, basic_altar, basic_ecumenical_altar
D:3:      layout_rooms, nicolae_ru_sacrificial_ziggurat, serial_shops,
          nicolae_lakefront_shop, shop, nicolae_lakefront_shop, shop,
          nicolae_shop_window_shopping, uniq_jessica
D:4:      layout_basic
D:5:      layout_basic, nicolae_vehumet_radiance, serial_shops, shop,
          uniq_blork_the_orc, uniq_edmund, uniq_prince_ribbit1
D:6:      layout_layer_cave, mainiacjoe_overflow_alcove_2, serial_shops,
          nicolae_shop_waterfront, uniq_pikel
D:7:      layout_loops_ring, temple_pool_b, minmay_misc_feat_iff, st_stairs_10,
          nicolae_concentric_dashed_squares_wild, uniq_duvessa, uniq_harold
D:8:      layout_basic, grunt_lair_entry_orc_guard_hut
D:9:      layout_roguey, general_overflow_altar, pf_just_have_faith,
          david_orc_5, uniq_psyche
Temple:   minmay_temple_curvy_loop
Lair:1:   layout_hall_layers, enter_volcano_2
Volcano:  volcano_aerie

Notes
Turn   | Place    | Note
-------+----------+-------------------------------------------
     0 | D:1      | zeratav the Octopode Transmuter began the quest for the
                  | Orb.
     0 | D:1      | Reached XP level 1. HP: 13/13 MP: 3/3
     0 | D:1      | magus.rc [v1.9.6]
   306 | D:1      | Reached XP level 2. HP: 11/18 MP: 3/5
   487 | D:1      | magus.rc [v1.9.6]
   497 | D:1      | Reached skill level 1 in Stealth
   537 | D:1      | You add the spells Borgnjor's Revivification, Necromutation
                  | and Death's Door to your library.
   979 | D:1      | Reached XP level 3. HP: 13/23 MP: 4/6
  1797 | D:2      | Found a stormy altar of Qazlal.
  1798 | D:2      | Found a faded altar of an unknown god.
  1859 | D:2      | Reached skill level 2 in Stealth
  2015 | D:2      | You pick up a book of Maledictions and begin reading...
  2015 | D:2      | You add the spells Tukima's Dance, Anguish and Enfeeble to
                  | your library.
  2232 | D:3      | Found Oganemimp's Armour Shoppe.
  2255 | D:3      | Found a sacrificial altar of Ru.
  2297 | D:3      | Reached XP level 4. HP: 21/29 MP: 7/7
  2300 | D:3      | Reached skill level 2 in Fighting
  2302 | D:3      | Reached skill level 4 in Unarmed Combat
  2316 | D:3      | HP: 5/29 [jackal (3)]
  2317 | D:3      | HP: 2/29 [jackal (3)]
  2339 | D:3      | HP: 1/29 [frozen (2)]
  2684 | D:3      | Reached XP level 5. HP: 26/34 MP: 8/8
  2685 | D:3      | Noticed Jessica
  2711 | D:3      | Killed Jessica
  2712 | D:3      | Reached skill level 3 in Stealth
  2990 | D:3      | Found Haqox's Weapon Boutique.
  3126 | D:3      | Reached skill level 3 in Dodging
  3139 | D:3      | Found Xeikhlez's Weapon Boutique.
  3226 | D:3      | Found Fayco's Book Shop.
  3357 | D:3      | Found Vetasopi's Jewellery Shop.
  3513 | D:4      | Reached XP level 6. HP: 41/41 MP: 7/9
  3588 | D:4      | Learned a level 3 spell: Spider Form
  3703 | D:4      | Noticed an ice beast
  3720 | D:4      | Killed an ice beast
  3721 | D:4      | Reached skill level 5 in Unarmed Combat
  3947 | D:4      | Reached skill level 3 in Fighting
  3947 | D:4      | Reached skill level 4 in Stealth
  4222 | D:5      | Entered Level 5 of the Dungeon
  4223 | D:5      | Noticed an ice beast
  4226 | D:5      | Noticed Edmund
  4231 | D:5      | Reached XP level 7. HP: 35/46 MP: 6/10
  4268 | D:4      | Killed Edmund
  4368 | D:5      | HP: 2/46 [ice beast (10)]
  4371 | D:5      | Reached skill level 4 in Dodging
  4670 | D:4      | Identified a scroll of acquirement
  4670 | D:4      | Acquired 672 gold pieces
  4756 | D:5      | Found a radiant altar of Vehumet.
  4759 | D:5      | Noticed Prince Ribbit
  4862 | D:5      | Killed Prince Ribbit
  4863 | D:5      | Reached skill level 5 in Stealth
  4863 | D:5      | Reached skill level 6 in Unarmed Combat
  4863 | D:5      | Reached XP level 8. HP: 34/54 MP: 8/11
  4994 | D:5      | You pick up a book of Dreams and begin reading...
  5014 | D:5      | HP: 10/54 [hornet zombie (10)]
  5016 | D:5      | Reached skill level 4 in Fighting
  5353 | D:5      | Noticed Blork the orc
  5387 | D:4      | Reached skill level 7 in Unarmed Combat
  5518 | D:5      | Killed Blork the orc
  5631 | D:5      | Reached skill level 5 in Dodging
  5637 | D:5      | Found Xovuro's Armour Emporium.
  6149 | D:6      | Found Ecaqaom's Jewellery Emporium.
  6313 | D:3      | Bought the ring of Hepliaklqana's Fury {Str-3 Int+6 Dex+4
                  | SInv} for 861 gold pieces
  6496 | D:6      | Found a hide-covered altar of Uskayaw.
  6589 | D:6      | Noticed Pikel
  6640 | D:5      | Killed Pikel
  6641 | D:5      | Reached skill level 5 in Fighting
  6641 | D:5      | Reached skill level 1 in Shields
  6641 | D:5      | Reached skill level 8 in Unarmed Combat
  6641 | D:5      | Reached skill level 1 in Ice Magic
  6641 | D:5      | Reached XP level 9. HP: 35/61 MP: 6/12
  7361 | D:6      | HP: 9/61 [orc warrior/+0 short sword (14)]
  7366 | D:5      | Reached skill level 2 in Shields
  7366 | D:5      | Reached skill level 3 in Transmutations
  7635 | D:6      | Reached skill level 2 in Ice Magic
  9188 | D:7      | Found a staircase to the Ecumenical Temple.
  9197 | Temple   | Entered the Ecumenical Temple
  9423 | Temple   | Became a worshipper of Ashenzari the Shackled
  9504 | D:7      | Reached skill level 6 in Dodging
  9610 | D:7      | Noticed Harold
  9660 | D:7      | Noticed Duvessa
  9660 | D:7      | Noticed Dowan
  9678 | D:7      | Killed Duvessa
  9684 | D:7      | Killed Dowan
  9836 | D:7      | Reached skill level 9 in Unarmed Combat
  9848 | D:7      | Reached skill level 3 in Shields
  9848 | D:7      | Reached skill level 3 in Ice Magic
  9956 | D:7      | Reached XP level 10. HP: 60/68 MP: 9/13
  9970 | D:7      | Noticed a two-headed ogre
 10018 | D:7      | Killed a two-headed ogre
 10019 | D:7      | Reached skill level 6 in Fighting
 10019 | D:7      | Reached skill level 4 in Transmutations
 10458 | D:7      | You add the spells Sting, Poisonous Vapours and Olgreb's
                  | Toxic Radiance to your library.
 10543 | D:7      | Killed Harold
 10869 | D:8      | Reached skill level 4 in Ice Magic
 10928 | D:8      | Learned a level 4 spell: Ice Form
 11122 | D:8      | Found a staircase to the Lair.
 11128 | D:8      | Reached skill level 10 in Unarmed Combat
 11425 | D:8      | Noticed a cyclops
 12041 | D:8      | Killed a cyclops
 12042 | D:8      | Reached skill level 7 in Dodging
 12346 | D:9      | Reached * piety under Ashenzari
 12374 | D:9      | Reached skill level 5 in Transmutations
 12394 | D:9      | Found a snail-covered altar of Cheibriados.
 12547 | D:9      | Reached XP level 11. HP: 69/77 MP: 15/15
 12567 | D:9      | Noticed Psyche
 12594 | D:9      | HP: 17/77 [Psyche/+1 dagger of distortion (15)]
 12601 | D:9      | Killed Psyche
 12822 | D:9      | Found a staircase to the Orcish Mines.
 12839 | D:9      | Reached skill level 7 in Fighting
 12872 | D:9      | Reached skill level 5 in Ice Magic
 13349 | D:9      | Found a burning altar of Makhleb.
 13666 | Lair:1   | Entered Level 1 of the Lair of Beasts
 13723 | Lair:1   | Found a dark tunnel.
 13731 | Volcano  | Entered a volcano
 13749 | Volcano  | HP: 13/78 [efreet/fireball (22)]
 13750 | Volcano  | Killed from afar by an efreet

Vanquished Creatures
  Harold (D:7)
  A two-headed ogre (D:7)
  Pikel (D:5)
  A cyclops (D:8)
  Psyche (D:9)
  Prince Ribbit (D:5)
  4 yaks
  A steam dragon (D:9)
  Edmund (D:4)
  2 water moccasins
  Duvessa (D:7)
  8 orc warriors
  A hornet zombie (D:5)
  5 ice beasts
  A sky beast (D:7)
  A black bear (D:8)
  5 ogres
  4 centaurs
  A kobold brigand (D:9)
  A phantom (D:5)
  Blork the orc (D:5)
  A wyvern zombie (D:9)
  3 bullfrogs
  3 scorpions
  A gnoll sergeant (D:8)
  Dowan (D:7)
  2 howler monkeys (D:9)
  2 hounds (D:6)
  2 jellies
  8 orc priests
  A bullfrog skeleton (D:5)
  A gnoll shaman (D:6)
  Jessica (D:3)
  3 iguanas
  4 orc wizards
  2 howler monkey zombies
  8 gnolls
  A howler monkey skeleton (D:4)
  7 adders
  A shadow imp (D:5)
  2 white imps (D:8)
  2 worms (D:4)
  3 dart slugs (D:1)
  29 orcs
  10 endoplasms
  A giant cockroach (D:3)
  9 goblins
  5 hobgoblins
  9 jackals
  5 quokkas
  3 ball pythons
  5 bats
  4 frilled lizards
  A jackal skeleton (D:4)
  8 kobolds
  4 rats
195 creatures vanquished.

Vanquished Creatures (others)
  14 fungi (D:8)
  8 plants (D:8)
22 creatures vanquished.

Grand Total: 217 creatures vanquished

Table legend:
 A = Non-vault XP
 B = Vault XP
 C = Vault XP percentage of total XP
 D = Non-vault monster count
 E = Vault monster count
 F = Vault count percentage of total count
                 A         B        C        D         E       F
            +---------+---------+-------+---------+---------+-------
      Total |    6430 |    4461 |  41.0 |     157 |      38 |  19.5
            +---------+---------+-------+---------+---------+-------
        D:1 |      42 |       0 |   0.0 |      21 |       0 |   0.0
        D:2 |      37 |       0 |   0.0 |      15 |       0 |   0.0
        D:3 |     143 |      37 |  20.6 |      27 |       1 |   3.6
        D:4 |     368 |     164 |  30.8 |      18 |       1 |   5.3
        D:5 |    1025 |    1055 |  50.7 |      16 |       3 |  15.8
        D:6 |     687 |       0 |   0.0 |      22 |       0 |   0.0
        D:7 |    1688 |    1337 |  44.2 |      13 |       5 |  27.8
        D:8 |    1242 |     528 |  29.8 |      13 |       4 |  23.5
        D:9 |    1198 |    1340 |  52.8 |      12 |      24 |  66.7
            +---------+---------+-------+---------+---------+-------

Illustrated notes

Table legend:
 A = Kills in this place as a percentage of kills in entire the game.
 B = Kills by you in this place as a percentage of kills by you in the entire game.
 C = Kills by friends in this place as a percentage of kills by friends in the entire game.
 D = Other kills in this place as a percentage of other kills in the entire game.
 E = Experience gained in this place as a percentage of experience gained in the entire game.
 F = Experience gained in this place divided by the number of levels of this place that you have seen.
                   A       B       C       D       E      F
               +-------+-------+-------+-------+-------+----------------------
         Total | 100.0 | 100.0 |   N/A |   N/A | 100.0 | 907.6
       Dungeon | 100.0 | 100.0 |   N/A |   N/A | 100.0 | 1210.1
               +-------+-------+-------+-------+-------+----------------------

Table legend: (Time is in decaauts)
 A = Elapsed time spent in this place.
 B = Non-inter-level travel time spent in this place.
 C = Inter-level travel time spent in this place.
 D = Time resting spent in this place.
 E = Time spent auto-exploring this place.
 F = Levels seen in this place.
 G = Mean time per level.
                   A        B        C        D        E       F      G
               +--------+--------+--------+--------+--------+-----+--------+
         Total |  13678 |  12625 |   1053 |   5038 |   3480 |  12 | 1139.8 |
       Dungeon |  13341 |  12347 |    994 |   5038 |   3288 |   9 | 1482.3 |
        Temple |    255 |    196 |     59 |      0 |    192 |   1 |  255.0 |
          Lair |     64 |     64 |      0 |      0 |      0 |   1 |   64.0 |
       Volcano |     17 |     17 |      0 |      0 |      0 |   1 |   17.0 |
               +--------+--------+--------+--------+--------+-----+--------+

Top non-repeatable levels by time:
     D:6: 2274 daAuts
     D:7: 1848 daAuts
     D:1: 1652 daAuts
     D:5: 1639 daAuts
     D:4: 1437 daAuts
     D:8: 1341 daAuts
     D:9: 1259 daAuts
     D:3: 1085 daAuts
     D:2: 801 daAuts
  Temple: 255 daAuts
  Lair:1: 64 daAuts
 Volcano: 17 daAuts
